 Dungeon Crawl Stone Soup version 0.18.1-8-gdd0e5ea (webtiles) character file.

67 Northaan the Skirmisher (level 4, -2/38 HPs)
             Began as a Merfolk Fighter on May 21, 2016.
             Killed from afar by Terence (7 damage)
             ... with a wand of flame
             ... on level 2 of the Dungeon.
             The game lasted 00:01:27 (900 turns).

Northaan the Skirmisher (Merfolk Fighter)            Turns: 900, Time: 00:01:28

Health: -2/38      AC:  7    Str: 17    XL:     4   Next: 16%
Magic:  4/4        EV:  6    Int:  7    God:
Gold:   97         SH:  9    Dex: 13    Spells: 0 memorised, 3 levels left

rFire  . . .     SeeInvis .     a - +0 trident
rCold  . . .     Gourm    .     b - +0 scale mail
rNeg   . . .     Faith    .     c - +0 shield
rPois  .         Spirit   .     (no helmet)
rElec  .         Dismiss  .     j - +0 cloak
rCorr  .         Reflect  .     (no gloves)
SustAt .         Harm     .     (no boots)
MR     .....                    (no amulet)
Stlth  ..........               (no ring)
                                (no ring)

@: not resistant to hostile enchantments, extremely unstealthy
A: change form in water, swift swim
a: no special abilities


You were on level 2 of the Dungeon.
You were not hungry.

You visited 1 branch of the dungeon, and saw 2 of its levels.

You collected 97 gold pieces.

Inventory:

Hand Weapons
 a - a +0 trident (weapon)
Armour
 b - a +0 scale mail (worn)
 c - a +0 shield (worn)
 j - a +0 cloak (worn)
Scrolls
 h - 2 scrolls of identify {unknown}
 i - a scroll of fear {unknown}
 k - a scroll of teleportation {unknown}
Potions
 d - a potion of might
 e - a potion of lignification {unknown}
 l - a potion of berserk rage {unknown}
 m - a potion of resistance {unknown}
Comestibles
 f - 3 bread rations
 g - a meat ration


   Skills:
 * Level 4.9 Fighting
 + Level 4.0 Polearms
 - Level 2.1 Armour
 - Level 3.0 Shields


You had 3 spell levels left.
You didn't know any spells.

Dungeon Overview and Level Annotations

Branches:
Dungeon (2/15)

Altars:
Elyvilon

Annotations:
D:2 Terence


Message History

* * * LOW HITPOINT WARNING * * *
You are too injured to fight recklessly!
You are too injured to fight recklessly!
You are too injured to fight recklessly!
You are too injured to fight recklessly!
You are too injured to fight recklessly!
You are too injured to fight recklessly!
You are too injured to fight recklessly!
You are too injured to fight recklessly!
You are too injured to fight recklessly!
You are too injured to fight recklessly!
You are too injured to fight recklessly!
You hit Terence.
Terence is heavily wounded.
You block the giant cockroach's attack.
Terence zaps a wand.
The puff of flame hits you!
* * * LOW HITPOINT WARNING * * *
You block the giant cockroach's attack.
Terence zaps a wand.
The puff of flame hits you!
You die...

....#########.....
#.#.#..........)..
###.#.##............ .#.#
###...#..........##..#
.#.
.....................[
.#. #.#.#..........##..#
..# #.#...#.<..##.###..#
..#
#######...#####.##......#
..# #...#≈≈.@.≈≈#
#..######.# S.##
#...#≈s.♣..≈###.... ..#
<..# #............# #..#.
..# ....#
#....@♣._.♣....##.# # #.
S...# #..............#
....# #...#≈..♣..≈#....
....#####...#≈≈...≈≈#...#
........#...###...### ..
........#............


You could see Terence and a giant cockroach.

Vanquished Creatures
  Jessica (D:2)
  An adder (D:2)
  A worm (D:1)
  A giant cockroach (D:1)
  2 goblins
  2 hobgoblins (D:1)
  5 jackals
  6 bats
  5 giant newts (D:1)
  3 kobolds (D:1)
  5 rats
32 creatures vanquished.

Vanquished Creatures (others)
  A quokka (D:2)
1 creature vanquished.

Grand Total: 33 creatures vanquished

Notes
Turn   | Place    | Note
--------------------------------------------------------------
     0 | D:1      | Northaan the Merfolk Fighter began the quest for the Orb.
     0 | D:1      | Reached XP level 1. HP: 18/18 MP: 1/1
   103 | D:1      | Reached XP level 2. HP: 24/25 MP: 2/2
   431 | D:1      | Reached XP level 3. HP: 30/30 MP: 3/3
   447 | D:2      | Noticed Jessica
   680 | D:2      | Killed Jessica
   687 | D:2      | Reached XP level 4. HP: 25/38 MP: 4/4
   849 | D:2      | Found a white marble altar of Elyvilon.
   876 | D:2      | Noticed Terence
   900 | D:2      | Killed from afar by Terence

Skill      XL: |  1  2  3 |
---------------+----------+-----
Fighting       | 4 |  4.9
Polearms       | 4 |  4.0
Armour         | |  2.1
Shields        | |  3.0

Action                   |  1- 3 |  4- 6 || total
-------------------------+-------+-------++-------
Melee: Trident           |    90 |    15 ||   105
Armor: Scale mail        |    41 |     3 ||    44
Dodge: Dodged            |    22 |     7 ||    29
Block: Shield            |    42 |     7 ||    49
